 Dungeon Crawl Stone Soup version 0.20-a0-1103-g26be02c (webtiles) character file.

2 Firecrotchwizard the Firebug (level 1, -4/14 HPs)
             Began as a Hill Orc Fire Elementalist on May 4, 2017.
             Killed from afar by a dart slug (7 damage)
             ... with a slug dart
             ... on level 1 of the Dungeon.
             The game lasted 00:01:05 (35 turns).

Firecrotchwizard the Firebug (HOFE)                   Turns: 35, Time: 00:01:05

Health: -4/14      AC:  2    Str: 10    XL:     1   Next: 40%
Magic:  0/3        EV: 12    Int: 15    God:
Gold:   15         SH:  0    Dex: 11    Spells: 2/3 levels left

rFire    . . .     SeeInvis .   (no weapon)
rCold    . . .     Gourm    .   (no shield)
rNeg     . . .     Faith    .   a - +0 robe
rPois    .         Spirit   .   (no helmet)
rElec    .         Reflect  .   (no cloak)
rCorr    .         Harm     .   (no gloves)
MR       .....                  (no boots)
Stlth    ++........             (no amulet)
Regen    0.1/turn               (no ring)
MPRegen  0.1/turn               (no ring)

@: no status effects
A: no striking features
a: no special abilities


You were on level 1 of the Dungeon.
You were not hungry.

You visited 1 branch of the dungeon, and saw 1 of its levels.

You collected 15 gold pieces.

Inventory:

Armour
 a - a +0 robe (worn)
Books
 b - a book of Flames
Comestibles
 c - a bread ration {@e1}


   Skills:
 - Level 1.5 Dodging
 - Level 1.5 Stealth
 + Level 1.5 Spellcasting
 * Level 1.2 Conjurations
 + Level 3.4 Fire Magic


You had 2 spell levels left.
You knew the following spells:

 Your Spells              Type           Power        Failure   Level  Hunger
a - Flame Tongue          Conj/Fire      #....        9%          1    ##.....


Dungeon Overview and Level Annotations

Branches:
Dungeon (1/15)

Altars:


Message History

Welcome, Firecrotchwizard the Hill Orc Fire Elementalist.
The bosom of this dungeon contains the fabled artefact, the Orb of Zot.
Found 15 gold pieces.
Found a staircase leading out of the dungeon.
You now have 14 gold pieces.
You now have 15 gold pieces (gained 1).
A dart slug comes into view.
A goblin comes into view. It is wielding a club.
You can't see any susceptible monsters within range! (Use Z to cast anyway.) Unknown command.
A hobgoblin comes into view. It is wielding a club.
A ball python comes into view.
Aim: a dart slug The flame tongue hits the dart slug.
The dart slug appears unharmed.
The ball python hisses angrily.
You now have 2/3 mp.
Aim: a dart slug (clinging)
The flame tongue hits the dart slug.
The dart slug appears unharmed.
The hobgoblin shouts!
You now have 1/3 mp.
The dart slug launches a dart at you. The slug dart misses you.
The goblin shouts!
Aim: a dart slug (clinging)
The flame tongue hits the ball python.
You kill the ball python!
The dart slug launches a dart at you. The slug dart misses you.
You now have 0/3 mp.
The dart slug launches a dart at you. The slug dart hits you!
You take 3 damage, and have 11/14 hp.
MASSIVE DAMAGE!!
Aim: a dart slug The flame tongue hits the goblin.
You now have 0/3 mp.
You completely miss the goblin. The goblin hits you with a club.
You take 3 damage, and have 8/14 hp.
MASSIVE DAMAGE!!
You hit the goblin but do no damage. The goblin misses you.
You hit the goblin but do no damage. The hobgoblin closely misses you.
You hit the goblin.
You kill the goblin!
The hobgoblin hits you with a club.
* * * LOW HITPOINT WARNING * * *
The dart slug launches a dart at you. The slug dart hits you!
Ouch! That really hurt!
You die...

. #. ##.######
## ....... .#
.... ..#
#####.####..#
#......@....#
#.....g)w#..#
#........# #
#...<....# .
#........# #.
#..#........# .g
#...........# .#
#..####.#####..#
#.........g....#


You could see a dart slug and a hobgoblin.

Vanquished Creatures
  A ball python (D:1)
  A goblin (D:1)
2 creatures vanquished.

Notes
Turn   | Place    | Note
-------+----------+-------------------------------------------
     0 | D:1      | Firecrotchwizard the Hill Orc Fire Elementalist began the quest for the Orb.
     0 | D:1      | Reached XP level 1. HP: 14/14 MP: 3/3
    35 | D:1      | HP: 3/14 [hobgoblin/club (5)]
    35 | D:1      | Killed from afar by a dart slug

Vault maps used:
D:1:      lemuel_arrival_room

Action                   || total
-------------------------++-------
Melee: Unarmed           ||     4
 Cast: Flame Tongue      ||     4
Dodge: Dodged            ||     4

Vault maps used:
D:1:      lemuel_arrival_room

Table legend:
 A = Turns spent in this place as a percentage of turns spent in the entire game.
 B = Non-inter-level travel turns spent in this place as a percentage of non-inter-level travel turns spent in the entire game.
 C = Inter-level travel turns spent in this place as a percentage of turns spent in this place.
 D = Turns resting spent in this place as a percentage of non-inter-level travel turns spent in this place.
 E = Turns spent auto-exploring this place as a percentage of non-inter-level travel turns spent in this place.
 F = Non-inter-level travel turns spent in this place divided by the number of levels of this place that you've seen.
                   A       B       C       D       E      F
               +-------+-------+-------+-------+-------+----------------------
         Total | 100.0 | 100.0 |   0.0 |   0.0 |   2.9 |  34.0
       Dungeon | 100.0 | 100.0 |   0.0 |   0.0 |   2.9 |  34.0
               +-------+-------+-------+-------+-------+----------------------

Table legend:
 A = Kills in this place as a percentage of kills in entire the game.
 B = Kills by you in this place as a percentage of kills by you in the entire game.
 C = Kills by friends in this place as a percentage of kills by friends in the entire game.
 D = Other kills in this place as a percentage of other kills in the entire game.
 E = Experience gained in this place as a percentage of experience gained in the entire game.
 F = Experience gained in this place divided by the number of levels of this place that you have seen.
                   A       B       C       D       E      F
               +-------+-------+-------+-------+-------+----------------------
         Total | 100.0 | 100.0 |  -nan |  -nan | 100.0 |   4.0
       Dungeon | 100.0 | 100.0 |  -nan |  -nan | 100.0 |   4.0
               +-------+-------+-------+-------+-------+----------------------
